 Dungeon Crawl Stone Soup version 0.29.1-12-g30fa7ad0bf (webtiles) character file.

Game seed: 14585591066537571457

181868 Lutefisk the Grappler (level 17, -1/276 HPs)
             Began as a Troll Warper on Dec 28, 2022.
             Was a Priest of Ashenzari.
             Succumbed to a wolf spider's poison
             ... on level 4 of the Spider Nest.
             The game lasted 02:41:51 (19056 turns).

Lutefisk the Grappler (Troll Warper)               Turns: 19056, Time: 02:41:51

Health: -1/276     AC: 11    Str: 21 (23) XL:     17   Next: 34%
Magic:  21/23      EV: 20    Int: 17      God:    Ashenzari [***...]
Gold:   1970       SH:  0    Dex: 25      Spells: 7/25 levels left

rFire   . . .      SeeInvis +     - Unarmed
rCold   + . .      Faith    .   (no shield)
rNeg    . . .      Spirit   .   l - +0 troll leather armour of Ashenzari's Planets {Regen+, Self, Range} (curse)
rPois   .          Reflect  .   T - +0 hat of Curses and Power {SInv, Melee, Bglg} (curse)
rElec   +          Harm     .   B - +1 cloak "Per Aspera Ad Scientiam" {Melee, Cun} (curse)
rCorr   .          Rampage  .   (gloves unavailable)
Will    ++...      Clarity  +   (boots unavailable)
Stlth   ..........              y - amulet of the Lashed Asceticism {Acrobat rElec rC+ Will+, Fort, Melee} (curse)
HPRegen 2.16/turn               q - +6 ring of dexterity
MPRegen 0.18/turn               P - ring "Hougyen" {+Blink Fly Int+8 Dex+4}

@: berserking, lethally poisoned (-1 -> -15), flying, very quick
A: large, unfitting armour, claws 3, regeneration 1, shaggy fur 1, tough skin 1,
mutation resistance 1
}: 1/15 runes: barnacled
a: Renounce Religion, Evoke Blink, Curse Item, Shatter the Chains


You were on level 4 of the Spider Nest.
You worshipped Ashenzari.
Ashenzari was most pleased with you.
You visited 7 branches of the dungeon, and saw 32 of its levels.
You visited the Abyss 1 time.
You visited 1 bazaar.
You also visited: Sewer, Ossuary, Bailey and Volcano.

You collected 3083 gold pieces.
You spent 1113 gold pieces at shops.

Inventory:

Hand Weapons
 G - the +8 demon blade "Leech" {vamp, Harm Drain rN+}
   (You found it on level 10 of the Dungeon)

   It heals its wielder for a portion of the damage dealt every time it strikes
   a living foe.
   rN:        It protects you from negative energy.
   Drain:     It drains your maximum health when unequipped.
   Harm:      It increases damage dealt and taken.
 R - a +9 broad axe of freezing
 S - a +3 scimitar of flaming
Missiles
 b - 29 boomerangs (quivered)
 c - a boomerang of dispersal
 h - 6 javelins
 p - 2 throwing nets
 s - 19 large rocks
 A - 2 silver boomerangs
Armour
 l - the cursed +0 troll leather armour of Ashenzari's Planets (worn) {Regen+, Self, Range}
   (You found it on level 12 of the Dungeon)

   Regen:     It increases your rate of health regeneration.
   It has a curse which improves the following skills: Introspection: Fighting
   and Spellcasting.
   Ranged Combat: Ranged Weapons and Throwing.
 B - the cursed +1 cloak "Per Aspera Ad Scientiam" (worn) {Melee, Cun}
   (You found it on level 5 of the Dungeon)

   It has a curse which improves the following skills: Melee Combat: Short
   Blades, Long Blades, Axes, Maces & Flails, Polearms, Staves and Unarmed
   Combat.
   Cunning:   Dodging and Stealth.
 K - a +1 robe of willpower
 T - the cursed +0 hat of Curses and Power (worn) {SInv, Melee, Bglg}
   (You took it off Gastronok on level 1 of the Lair of Beasts)

   It has a curse which improves the following skills: Melee Combat: Short
   Blades, Long Blades, Axes, Maces & Flails, Polearms, Staves and Unarmed
   Combat.
   Beguiling: Conjurations, Hexes and Translocations.
 V - a +1 cloak of fire resistance
Jewellery
 m - a ring of ice
 q - a +6 ring of dexterity (left claw)
 y - the cursed amulet of the Lashed Asceticism (around neck) {Acrobat rElec rC+ Will+, Fort, Melee}
   (You bought it in a shop in a bazaar)

   [amulet of the acrobat]

   It increases your evasion while moving and waiting.
   rC:        It protects you from cold.
   rElec:     It insulates you from electricity.
   Will:      It increases your willpower.
   It has a curse which improves the following skills: Fortitude: Armour and
   Shields.
   Melee Combat: Short Blades, Long Blades, Axes, Maces & Flails, Polearms,
   Staves and Unarmed Combat.
 I - an amulet of regeneration
 L - a +4 ring of protection
 O - an amulet of the acrobat
 P - the ring "Hougyen" (right claw) {+Blink Fly Int+8 Dex+4}
   (You acquired it on level 2 of the Lair of Beasts)

   [ring of flight]

   Int:       It affects your intelligence (+8).
   Dex:       It affects your dexterity (+4).
   Fly:       It grants you flight.
   +Blink:    It lets you blink.
 Q - an amulet of guardian spirit
Wands
 v - a wand of flame (14)
 x - a wand of iceblast (13)
 F - a wand of light (7)
 J - a wand of charming (14)
Scrolls
 a - a scroll of silence
 e - 7 scrolls of fog
 g - 9 scrolls of enchant armour
 j - 7 scrolls of magic mapping
 t - 3 scrolls of poison
 w - 4 scrolls of enchant weapon
 z - 3 scrolls of vulnerability
 W - 2 scrolls of teleportation
 X - 3 scrolls of amnesia
 Y - a scroll of brand weapon
Potions
 d - 8 potions of lignification
 f - 2 potions of degeneration
 i - 7 potions of cancellation
 k - 3 potions of resistance
 n - 3 potions of haste
 o - 2 potions of berserk rage
 r - 9 potions of curing
 u - 10 potions of might
 C - 4 potions of flight
 D - 8 potions of brilliance
 E - 4 potions of mutation
 H - 6 potions of magic
 N - a potion of ambrosia
 U - a potion of heal wounds
Miscellaneous
 M - a box of beasts
 Z - a lightning rod (4/4)


   Skills:
 * Level 13.8(15.3) Fighting
 - Level 4.4(6.0) Throwing
 - Level 14.4(15.9) Armour
 - Level 11.8(13.3) Dodging
 - Level 1.2(2.2) Stealth
 - Level 14.8(18.0) Unarmed Combat
 - Level 3.4(4.8) Spellcasting
 - Level 6.7(8.3) Translocations
 - Level 6.0 Evocations


You had 7 spell levels left.
You knew the following spells:

 Your Spells              Type           Power      Damage    Failure   Level
a - Blink                 Tloc           64%        N/A       1%          2
b - Gell's Gravitas       Tloc           32%        N/A       1%          3
c - Lesser Beckoning      Tloc           32%        N/A       1%          3
d - Teleport Other        Tloc           32%        N/A       1%          3
e - Passwall              Tmut/Erth      3%         N/A       24%         2
f - Manifold Assault      Tloc           32%        N/A       14%         5

Your spell library contained the following spells:

 Spells                   Type           Power      Damage    Failure   Level
 Passage of Golubria      Tloc           32%        N/A       4%          4
 Beastly Appendage        Tmut           8%         N/A       16%         1
 Foxfire                  Conj/Fire      16%        2x1d4     16%         1
 Sandblast                Erth           8%         2d5       16%         1
 Summon Small Mammal      Summ           16%        N/A       16%         1
 Ensorcelled Hibernation  Hex/Ice        8%         N/A       24%         2
 Wereblood                Tmut           4%         N/A       24%         2
 Iskenderun's Mystic Bla  Conj/Tloc      18%        2d6       26%         4
 Confusing Touch          Hex            4%         N/A       41%         3
 Dazzling Flash           Conj/Hex       8%         N/A       41%         3
 Tukima's Dance           Hex            4%         N/A       41%         3
 Call Canine Familiar     Summ           4%         N/A       43%         3
 Conjure Flame            Conj/Fire      4%         6-21      43%         3
 Frozen Ramparts          Ice            8%         1d2       43%         3
 Inner Flame              Hex/Fire       4%         N/A       43%         3
 Spider Form              Tmut/Pois      4%         N/A       43%         3
 Stone Arrow              Conj/Erth      8%         3d7       43%         3
 Summon Guardian Golem    Hex/Summ       4%         N/A       43%         3
 Swiftness                Air            4%         N/A       43%         3
 Dispersal                Tloc           16%        N/A       61%         6
 Summon Forest            Summ/Tloc      9%         N/A       63%         5
 Cause Fear               Hex            2%         N/A       82%         4
 Flame Wave               Conj/Fire      4%         2d5       83%         4
 Leda's Liquefaction      Hex/Erth       2%         N/A       83%         4
 Corpse Rot               Necr/Pois/Air  4%         N/A       85%         4
 Dispel Undead            Necr           4%         3d7       85%         4
 Ice Form                 Ice/Tmut       4%         N/A       85%         4
 Summon Ice Beast         Ice/Summ       4%         N/A       85%         4
 Alistair's Intoxication  Tmut/Pois      2%         N/A       99%         5
 Borgnjor's Vile Clutch   Necr/Erth      2%         N/A       99%         5
 Lee's Rapid Deconstruct  Erth           2%         3d5*      99%         5
 Silence                  Hex/Air        2%         N/A       99%         5
 Summon Mana Viper        Hex/Summ       4%         N/A       99%         5
 Yara's Violent Unravell  Hex/Tmut       2%         3d3       99%         5
 Death Channel            Necr           2%         N/A       100%        6
 Eringya's Noxious Bog    Tmut/Pois      2%         N/A       100%        6
 Starburst                Conj/Fire      2%         6d3       100%        6
 Statue Form              Tmut/Erth      2%         N/A       100%        6
 Summon Cactus Giant      Summ           2%         N/A       100%        6
 Dragon Form              Tmut           2%         N/A       100%        7
 Enfeeble                 Hex            2%         N/A       100%        7
 Borgnjor's Revivificati  Necr           2%         N/A       100%        8
 Lehudib's Crystal Spear  Conj/Erth      2%         10d2      100%        8
 Necromutation            Tmut/Necr      2%         N/A       100%        8
 Dragon's Call            Summ           2%         N/A       100%        9


Dungeon Overview and Level Annotations

Branches:
Dungeon (15/15)            Temple (1/1) D:6            Lair (5/5) D:8
 Shoals (4/4) Lair:3       Spider (4/4) Lair:2        Slime (1/5) Lair:4
    Orc (2/2) D:12            Elf (0/3) Orc:2         Sewer (visited)
Ossuary (visited)          Bailey (visited)         Volcano (visited)
 Vaults: D:13-14     Depths: D:15

Altars:
Ashenzari
Cheibriados
Elyvilon
Fedhas
Gozag
Makhleb
Nemelex Xobeh
Sif Muna
Trog
Uskayaw
Vehumet
Wu Jian
Xom
Yredelemnul
The Shining One
Jiyva

Shops:
D:2 *   D:14 *   Orc:1 (   Orc:2 :(((   Shoals:2 *   Shoals:3 [

Annotations:
D:10 Maurice
D:13 Azrael, Frances
D:15 Nessos
Shoals:3 Mara


Innate Abilities, Weirdness & Mutations

You are too large for most types of armour.
You have claws for hands.
Your natural rate of healing is unusually fast.
You are covered in fur. (AC +1)
You have tough skin. (AC +1)
You are somewhat resistant to further mutation.


Message History

You claw the wolf spider!
The wolf spider is almost dead.
You feel extremely sick. The wolf spider hits you!
* * * LOW HITPOINT WARNING * * *
The wolf spider misses you.
You scratch the wolf spider.
The wolf spider is almost dead.
You feel very sick. The wolf spider closely misses you.
The wolf spider bites you!
* * * LOW HITPOINT WARNING * * *
Unknown command.
Unknown command.
You eviscerate the wolf spider!!!
You kill the wolf spider!
* * * LOW HITPOINT WARNING * * *
You feel very sick. The wolf spider misses you. The wolf spider bites you.
* * * LOW HITPOINT WARNING * * *
Unknown command.
You mangle the culicivora!! Your claw misses the culicivora.
The culicivora is severely wounded.
* * * LOW HITPOINT WARNING * * *
You feel very sick.
The wolf spider is healed somewhat.
The wolf spider hits you!
* * * LOW HITPOINT WARNING * * *
The wolf spider completely misses you.
You eviscerate the culicivora!!!
You kill the culicivora!
* * * LOW HITPOINT WARNING * * *
You feel very sick.
You scratch the wolf spider.
The wolf spider is lightly wounded.
* * * LOW HITPOINT WARNING * * *
You feel very sick. The wolf spider closely misses you.
The wolf spider bites you.
* * * LOW HITPOINT WARNING * * *
You mangle the wolf spider!!
The wolf spider is severely wounded.
You die...

####...^# , ** ,,,
##..#....# , , #..^#...##
,#........# , ###...#### * ,
,,....##....# ,...##.....#
#^ * ..###..##...##^###
..#,,#...#...#s@†#..#^####
^.s *^...^..#^.#.....#.^##
s.##.###.^...#...#....#...#
#......##....#.....###....#
, #.......##^.....<^....#
#^.#.#.s....##.....(..###
#....^#.......#..#.......#
,.^##...#......###.#...^..##
.^,!...##..###...###.#...##


You could see a wolf spider.

Vanquished Creatures
  Nikola (Spider:4)
  A kraken (Shoals:4)
  Gastronok (Lair:1)
  Kirke (Shoals:2)
  2 ghost moths
  7 emperor scorpions
  2 orc warlords
  Aizul (Shoals:3)
  A broodmother (Spider:2)
  3 spark wasps
  3 entropy weavers
  A merfolk javelineer (Shoals:4)
  5 merfolk impalers
  2 boulder beetles
  3 hydras
  A jorogumo (Spider:2)
  Erica (Lair:2)
  3 alligator snapping turtles
  4 centaur warriors
  A catoblepas (Shoals:2)
  2 two-headed ogres
  A radroach (Spider:3)
  4 merfolk aquamancers
  3 merfolk avatars
  11 death yaks
  2 satyrs (Shoals:3)
  3 orc high priests (Orc:2)
  A soul eater (D:10)
  Sonja (Lair:3)
  3 pharaoh ants
  A sun moth (Spider:2)
  12 sea snakes
  5 steelbarb worms
  3 orb spiders (Spider:3)
  5 lindwurms
  6 orc knights
  9 harpies
  20 ugly things
  5 orc sorcerers
  16 wolf spiders
  9 fauns
  4 cyclopes
  20 manticores
  3 water nymphs
  A moth of wrath (Spider:3)
  3 black mambas
  12 merfolk sirens
  25 elephants
  Maggie (D:7)
  6 cane toads
  An orange demon (D:10)
  4 gargoyles
  2 torpor snails
  A smoke demon (Lair:5)
  An unseen horror (D:12)
  4 rime drakes
  5 komodo dragons
  7 meliai
  15 merfolk
  8 wind drakes
  6 trolls
  2 polar bears (Lair:3)
  10 blink frogs
  9 slime creatures
  Grinder (D:4)
  13 snapping turtles
  17 tarantellas
  A raiju (shapeshifter) (D:13)
  4 dream sheep (Lair:3)
  13 culicivoras
  9 jumping spiders
  A centaur simulacrum (D:15)
  3 wraiths
  7 wyverns
  A ynoxinul (Lair:5)
  11 water elementals
  16 yaks
  4 fire elementals (D:13)
  6 basilisks
  Grum (D:11)
  10 redbacks
  3 fire bats (Volcano)
  2 steam dragons
  A chaos spawn (Lair:5)
  4 vampire mosquitoes (D:14)
  A neqoxec (D:10)
  A warg (Orc:2)
  6 hell hounds
  14 water moccasins
  An acid dragon (D:10)
  34 orc warriors
  A meliai simulacrum (D:14)
  An ice beast (D:5)
  2 black bears
  A black bear (shapeshifter) (D:14)
  4 small abominations (Lair:5)
  8 wolves
  4 centaurs
  6 ogres
  2 phantoms (D:6)
  Blork the orc (D:6)
  2 kobold brigands
  9 bullfrogs
  4 wights (D:7)
  6 killer bees (D:8)
  4 howler monkeys
  9 electric eels
  2 centaur zombies (Ossuary)
  4 hounds
  A human zombie (Ossuary)
  A jelly (shapeshifter) (D:14)
  17 orc priests
  A gnoll bouda (D:7)
  A jelly (D:7)
  3 iguanas
  19 orc wizards
  Ijyb (D:5)
  A hell rat (Lair:2)
  3 mummies
  18 gnolls
  8 river rats
  12 adders
  An ufetubus (D:7)
  An adder zombie (Ossuary)
  3 worms
  2 dart slugs (D:2)
  105 orcs
  7 endoplasms
  6 giant cockroaches
  16 goblins
  11 hobgoblins
  2 quokkas
  5 ball pythons
  2 bats
  4 frilled lizards
  2 goblin zombies (Ossuary)
  13 hobgoblin zombies (Ossuary)
  A jackal zombie (Ossuary)
  23 kobolds
  7 kobold zombies (Ossuary)
  7 orc zombies (Ossuary)
  22 rats
  2 rat zombies (Ossuary)
  3 tentacles (Shoals:4)
902 creatures vanquished.

Vanquished Creatures (collateral kills)
  Polyphemus (Shoals:2)
  A merfolk impaler (Shoals:4)
  A merfolk javelineer (Shoals:4)
  2 merfolk aquamancers (Shoals:4)
  An ugly thing (D:15)
  2 harpies (Shoals:4)
  A manticore (Shoals:4)
  A merfolk (Shoals:4)
  A wind drake (Shoals:4)
  A water elemental (Shoals:4)
  A hobgoblin (Bailey)
  A bush (D:15)
14 creatures vanquished.

Vanquished Creatures (others)
  2 ugly things (D:15)
  A rime drake (Lair:2)
  A blink frog (Lair:2)
  3 humans (Shoals:3)
  An orc warrior (Bailey)
  An orc wizard (Orc:2)
  2 gnolls (Bailey)
  A demonic plant (D:10)
  22 fungi
  135 plants
  40 tentacles (Shoals:4)
209 creatures vanquished.

Grand Total: 1125 creatures vanquished

Notes
Turn   | Place    | Note
-------+----------+-------------------------------------------
     0 | D:1      | Lutefisk the Troll Warper began the quest for the Orb.
     0 | D:1      | Reached XP level 1. HP: 19/19 MP: 1/1
    84 | D:1      | Found a faded altar of an unknown god.
   104 | D:1      | Reached XP level 2. HP: 26/28 MP: 2/2
   334 | D:4      | Reached XP level 3. HP: 32/36 MP: 3/3
   397 | D:4      | Reached XP level 4. HP: 44/44 MP: 4/4
   691 | D:2      | Found Baig's General Store.
   703 | D:2      | Bought a scroll of fog for 44 gold pieces
   781 | D:2      | Reached XP level 5. HP: 50/53 MP: 5/5
   843 | D:3      | Learned a level 2 spell: Blink
   847 | D:3      | Learned a level 3 spell: Gell's Gravitas
  1219 | D:4      | Noticed Grinder
  1234 | D:4      | Paralysed by Grinder for 3 turns
  1239 | D:4      | Paralysed by Grinder for 4 turns
  1249 | D:4      | Killed Grinder
  1250 | D:4      | Reached skill level 1 in Throwing
  1250 | D:4      | Reached XP level 6. HP: 47/61 MP: 6/6
  1300 | D:5      | Entered Level 5 of the Dungeon
  1315 | D:5      | Noticed Ijyb
  1326 | D:5      | Killed Ijyb
  1549 | D:5      | Reached skill level 1 in Evocations
  1549 | D:5      | Reached XP level 7. HP: 70/70 MP: 7/7
  1648 | D:5      | Learned a level 3 spell: Lesser Beckoning
  1727 | D:6      | Noticed Blork the orc
  1735 | D:5      | Reached skill level 1 in Armour
  1735 | D:5      | Reached skill level 1 in Stealth
  1793 | D:6      | Found a staircase to the Ecumenical Temple.
  1798 | D:6      | Found a sand-covered staircase.
  1806 | Ossuary  | Entered an ossuary
  2021 | D:6      | Found a glowing drain.
  2037 | D:6      | Reached XP level 8. HP: 76/79 MP: 8/8
  2052 | Sewer    | Entered a sewer
  2243 | Sewer    | Reached skill level 5 in Fighting
  2463 | Temple   | Entered the Ecumenical Temple
  2467 | Temple   | Became a worshipper of Ashenzari the Shackled
  2543 | D:6      | Killed Blork the orc
  2556 | D:6      | Identified the -1 pair of gloves "Ytudidaf" {Will+}
  2765 | D:8      | Reached XP level 9. HP: 68/89 MP: 9/9
  2794 | D:8      | Reached skill level 5 in Dodging
  2851 | D:7      | Found Wyjulipo's Distillery.
  2856 | D:7      | Noticed Maggie
  2868 | D:7      | Killed Maggie
  2982 | D:7      | Found a hide-covered altar of Uskayaw.
  3588 | D:8      | You fall into a shaft and drop 3 floors!
  3664 | D:11     | Reached XP level 10. HP: 102/102 MP: 10/10
  3683 | D:11     | Reached * piety under Ashenzari
  3742 | D:10     | Entered Level 10 of the Dungeon
  3752 | D:10     | Noticed a two-headed ogre
  3752 | D:10     | Noticed a soul eater
  3780 | D:10     | Noticed an orange demon
  3785 | D:10     | Killed an orange demon
  3845 | D:10     | Killed a two-headed ogre
  3858 | D:10     | Noticed Maurice
  3872 | D:10     | Found the +8 demon blade "Leech" {vamp, Harm Drain rN+}
  3882 | D:10     | Found a flagged portal.
  3911 | Bailey   | Entered a bailey
  4039 | Bailey   | Noticed an orc knight
  4142 | Bailey   | Killed an orc knight
  4166 | Bailey   | Identified a scroll of acquirement
  4204 | Bailey   | Noticed an orc warlord
  4257 | Bailey   | Killed an orc warlord
  4311 | Bailey   | Identified Xuqiosm's Cyclopedia of Death and Illusion
  4409 | D:10     | Found an opulent altar of Gozag.
  4427 | D:10     | Found an ornate altar of the Wu Jian Council.
  4454 | D:10     | Noticed a rust devil
  4455 | D:10     | Gained mutation: You are frail. (-10% HP) [a neqoxec]
  4563 | D:9      | Found a shimmering blue altar of Sif Muna.
  4620 | D:8      | Found a staircase to the Lair.
  4638 | D:8      | Reached XP level 11. HP: 62/99 MP: 11/11
  4669 | Lair:1   | Entered Level 1 of the Lair of Beasts
  4690 | D:8      | Learned a level 3 spell: Teleport Other
  4740 | Lair:2   | Reached ** piety under Ashenzari
  5108 | Lair:3   | Noticed a four-headed hydra
  5111 | Lair:2   | Acquired the ring "Hougyen" {+Blink Fly Int+8 Dex+4}
  5309 | Lair:3   | Reached skill level 5 in Armour
  5388 | Lair:3   | Noticed Sonja
  5481 | Lair:3   | Noticed a death yak
  5482 | Lair:3   | Noticed a death yak
  5482 | Lair:3   | Noticed a death yak
  5502 | Lair:3   | Killed a death yak
  5599 | Lair:4   | Found a viscous altar of Jiyva.
  5601 | Lair:4   | Found a staircase to the Slime Pits.
  5706 | Lair:5   | Entered Level 5 of the Lair of Beasts
  5740 | Lair:5   | Noticed a seven-headed hydra
  5832 | Lair:5   | Reached XP level 12. HP: 98/110 MP: 14/14
  5832 | Lair:5   | Reached *** piety under Ashenzari
  5920 | Lair:5   | Learned a level 2 spell: Passwall
  6002 | Lair:5   | Noticed a death yak
  6010 | Lair:5   | Noticed a death yak
  6052 | Lair:5   | Killed a death yak
  6072 | Lair:5   | Noticed a death yak
  6103 | Lair:5   | Killed a death yak
  6120 | Lair:5   | Noticed a death yak
  6121 | Lair:5   | Noticed a death yak
  6149 | Lair:5   | Killed a death yak
  6163 | Lair:5   | Killed a death yak
  6188 | Lair:5   | Noticed a seven-headed hydra
  6255 | Slime:1  | Entered Level 1 of the Pits of Slime
  6337 | Lair:3   | Killed Sonja
  6338 | Lair:3   | Reached skill level 10 in Fighting
  6665 | Lair:3   | Reached XP level 13. HP: 84/119 MP: 10/15
  6702 | Lair:3   | Found a staircase to the Shoals.
  6890 | Lair:2   | Noticed Erica
  6922 | Lair:2   | Killed Erica
  6923 | Lair:2   | Found a hole to the Spider Nest.
  7069 | Lair:1   | Noticed Gastronok
  7088 | Lair:1   | Killed Gastronok
  7411 | Lair:1   | Reached skill level 10 in Dodging
  7749 | D:9      | Found a glowing golden altar of the Shining One.
  7923 | D:9      | Found a snail-covered altar of Cheibriados.
  8127 | D:9      | Reached skill level 10 in Unarmed Combat
  8542 | D:11     | Noticed Grum
  8553 | D:11     | Killed Grum
  8653 | D:12     | Found a staircase to the Orcish Mines.
  8702 | Orc:1    | Entered Level 1 of the Orcish Mines
  8787 | Orc:1    | Found Tyji's Weapon Shoppe.
  9030 | Orc:2    | Entered Level 2 of the Orcish Mines
  9103 | Orc:2    | Found a dark tunnel.
  9112 | Volcano  | Entered a volcano
  9146 | Volcano  | Reached skill level 10 in Armour
  9331 | Volcano  | Noticed a fire dragon
  9398 | Orc:2    | Found a staircase to the Elven Halls.
  9431 | Orc:2    | Noticed an orc warlord
  9517 | Orc:2    | Reached XP level 14. HP: 61/128 MP: 2/16
  9674 | Orc:2    | Killed an orc warlord
 10457 | Orc:2    | Paralysed by an orc sorcerer for 3 turns
 10486 | Orc:2    | Found Tigra's Weapon Boutique.
 10486 | Orc:2    | Found Ithrir's Book Shoppe.
 10488 | Orc:2    | Found Gumyc Ifipn's Antique Weapon Boutique.
 10488 | Orc:2    | Found Uzxiwn's Weapon Shoppe.
 10859 | D:12     | Identified the +3 hand axe of Lies {speed, rPois}
 11074 | D:14     | Reached skill level 5 in Translocations
 11151 | D:14     | Found Wulis's General Store.
 11179 | D:14     | Bought a potion of curing for 51 gold pieces
 11406 | D:14     | Identified the +1 pair of gloves of Insatiable Hunger {rF+
                  | Will- Str+10}
 11555 | D:15     | Entered Level 15 of the Dungeon
 11705 | D:15     | Found a sparkling altar of Nemelex Xobeh.
 11941 | D:15     | Noticed Nessos
 12521 | D:13     | Noticed Azrael
 12643 | D:13     | Noticed Frances
 12828 | D:10     | Gained mutation: Your body sometimes deteriorates upon
                  | taking damage. [a neqoxec]
 13004 | Lair:2   | Reached XP level 15. HP: 138/139 MP: 17/17
 13117 | Shoals:1 | Entered Level 1 of the Shoals
 13310 | Shoals:1 | Acquired a manual of Armour
 13574 | Shoals:2 | Found a gateway to a bazaar.
 13602 | Bazaar   | Entered a bazaar
 13606 | Bazaar   | Found Vitsuworoq's Jewellery Boutique.
 13624 | Bazaar   | Found Ilogyeb's Antique Weapon Emporium.
 13641 | Bazaar   | Found Bimmoss's Book Boutique.
 13658 | Bazaar   | Found Sirutaamn's Antique Weapon Shoppe.
 13680 | Bazaar   | Bought the amulet of Curiosity {Acrobat rElec rC+ Will+}
                  | for 1018 gold pieces
 13850 | Shoals:2 | Noticed Polyphemus
 13851 | Shoals:2 | HP: 5/140 [Polyphemus/large rock (39)]
 13954 | Shoals:2 | Found Wote's General Store.
 14027 | Shoals:2 | Reached skill level 5 in Evocations
 14067 | Shoals:2 | Identified the +1 hat of Quyjiw {Rampage Str+5}
 14233 | Shoals:3 | Noticed Mara
 14421 | Shoals:2 | Killed Polyphemus
 14446 | Shoals:3 | Noticed Kirke
 14458 | Shoals:2 | Killed Kirke
 14871 | Shoals:3 | Noticed Aizul
 15070 | Shoals:3 | Found Aghip's Armour Emporium.
 15105 | Shoals:3 | Killed Aizul
 15375 | Shoals:4 | Entered Level 4 of the Shoals
 15404 | Shoals:4 | Reached XP level 16. HP: 100/148 MP: 18/18
 15425 | Shoals:4 | Noticed a kraken
 15556 | Abyss:3  | Cast into level 3 of the Abyss (merfolk aquamancer)
 15680 | Shoals:4 | Escaped the Abyss
 15745 | Shoals:4 | Lost mutation: You are frail. (-10% HP) [potion of
                  | mutation]
 15745 | Shoals:4 | Lost mutation: Your body sometimes deteriorates upon taking
                  | damage. [potion of mutation]
 15745 | Shoals:4 | Gained mutation: You are somewhat resistant to further
                  | mutation. [potion of mutation]
 15874 | Shoals:4 | Got a barnacled rune of Zot
 16502 | Shoals:4 | Killed a kraken
 16585 | Shoals:4 | Identified Xalol's Last Quarto of the Ultimate Wizard
 16729 | Lair:3   | Identified the +8 dagger of the Shrike {flame, Int+4
                  | Stlth+}
 16827 | Spider:1 | Entered Level 1 of the Spider Nest
 17190 | Spider:2 | Learned a level 5 spell: Manifold Assault
 17673 | Spider:3 | Identified the +5 whip of Cuotawe {vorpal, rCorr}
 18199 | Spider:3 | Reached XP level 17. HP: 141/184 MP: 23/23
 18378 | Spider:4 | Entered Level 4 of the Spider Nest
 18380 | Spider:4 | Noticed Nikola
 18741 | Spider:4 | Killed Nikola
 18758 | Spider:4 | HP: 9/184 [poisoned by a wolf spider]
 19053 | Spider:4 | HP: 9/276 [wolf spider (10)]
 19055 | Spider:4 | HP: 3/276 [poisoned by a wolf spider]
 19056 | Spider:4 | Succumbed to a wolf spider's poison

Illustrated notes

Levels and vault maps discovered:
D:1:      mainiacjoe_arrival_reflecting_pool, layout_basic,
          ebering_ecumenical_altar_webs
D:2:      layout_basic, serial_shops, nicolae_shop_advertising_works
          [nicolae_subvault_shop_adworks], uniq_jessica
D:3:      layout_basic, minmay_misc_feat_tower
D:4:      layout_layer_cave, minmay_overflow_temple_star_quad, uniq_grinder
D:5:      layout_loops_cross, uniq_ijyb
D:6:      layout_cave_pools, minmay_temple_entry_mini_moons,
          gup_ossuary_entry_pyramid, portal_sewer_entry_a, hex_large,
          uniq_blork_the_orc
D:7:      layout_loops_ring, mainiacjoe_overflow_24_doors, serial_shops, shop,
          uniq_maggie
D:8:      layout_loops_corners, minmay_lair_entry_grove
D:9:      layout_basic, lemuel_round_altar, nzn_hepliaklqana_mist_gate,
          mainiacjoe_overflow_chevrons, cheibrodos_worm_habitat,
          nicolae_two_hexagons, kennysheep_opposing_triangles
D:10:     layout_long_grid, mainiacjoe_overflow_alcove_1,
          mainiacjoe_overflow_concentric_impassable, enter_bailey_5,
          serial_demonic, serial_demonic_b, serial_demonic_e, serial_demonic_a,
          serial_demonic_b, uniq_maurice
D:11:     layout_basic, uniq_grum
D:12:     layout_loops_cross, david_orc_2, minivault_25
D:13:     layout_long_grid, grunt_vaults_entry_fortified,
          kennysheep_nondescript, minivault_8, uniq_frances, uniq_azrael,
          uniq_lodul
D:14:     layout_roguey, amcnicky_mini_rare_corridor_liquid, serial_shops, shop
D:15:     grunt_enter_depths_snipers, layout_basic,
          nemelex_diamond_rough_becter, dreamdust_princess_bridge, uniq_nessos
Temple:   nicolae_temple_x_marks_the_god
Lair:1:   layout_long_grid, serial_bayou, serial_bayou_lake_a,
          serial_bayou_ford_a, serial_bayou_pond_d, serial_bayou_lagoon_a,
          serial_bayou_pond_b, lemuel_old_faithful, uniq_gastronok
Lair:2:   layout_concentric_octagons, hellmonk_spider_entry_life_and_decay,
          columned_hall_lemuel, nzn_random_ring, uniq_erica
Lair:3:   layout_chaotic_city, minmay_shoals_entry_beasts,
          chequers_serial_rivers_small_a, minmay_lindwurm_lava, uniq_sonja
Lair:4:   layout_cave_shapes, slime_entry_1
Lair:5:   hellmonk_lair_end_abyssal_woods, layout_long_grid, lemuel_fruit_tree
Shoals:1: layout_shoals
Shoals:2: layout_shoals, serial_shops, bzr_entry_water, shop, uniq_polyphemus
Shoals:3: layout_shoals, serial_shops, nicolae_lakefront_shop,
          nicolae_shoals_circle_sea_wall, uniq_mara, uniq_kirke, uniq_aizul
Shoals:4: shoals_end_simple, layout_shoals
Spider:1: layout_spider_delve
Spider:2: layout_spider_delve, nicolae_spider_scorpion_nest
Spider:3: layout_spider_delve, nicolae_spider_nook
Spider:4: hellmonk_spider_rune_bug_friends, uniq_nikola, uniq_agnes
Slime:1:  layout_caves
Orc:1:    layout_caves, serial_shops, nicolae_shop_bloodbath_and_beyond,
          nicolae_orc_lava_room
Orc:2:    grunt_orc_tribal_feast, layout_caves,
          lightli_volcano_entry_magma_tube, mines2_david

Skill      XL: |  1  2  3  4  5  6  7  8  9 10 11 12 13 14 15 16 17 |
---------------+----------------------------------------------------+-----
Fighting       | 2 3 4 5 7 8 9 10 12 13 | 13.8
Unarmed Combat | 3 4 6 7 8 9 10 12 13 14 | 14.8
Throwing       | 1 2 4 |  4.4
Dodging        | 2 4 5 6 7 8 10 11 | 11.8
Evocations     | 1 2 3 6 |  6.0
Armour         | 1 2 3 4 7 8 10 13 14 | 14.4
Stealth        | 1 |  1.2
Translocations | 3 4 6 |  6.7
Spellcasting   | 2 3 |  3.4

Action                   |  1- 3 |  4- 6 |  7- 9 | 10-12 | 13-15 | 16-18 || total
-------------------------+-------+-------+-------+-------+-------+-------++-------
Melee: Unarmed           |    61 |    97 |   426 |   639 |  1457 |   774 ||  3454
       Punch             |     1 |     2 |    13 |    52 |   170 |   110 ||   348
       Scimitar          |       |       |       |       |    20 |       ||    20
Throw: Boomerang         |       |    20 |       |    10 |    72 |    51 ||   153
       Dart              |       |     1 |     2 |    17 |    10 |       ||    30
       Large rock        |       |       |       |       |       |     1 ||     1
       Throwing net      |       |       |       |       |       |     2 ||     2
 Cast: Blink             |       |     1 |     1 |    17 |    26 |    16 ||    61
       Teleport Other    |       |       |       |     8 |    18 |     2 ||    28
       Lesser Beckoning  |       |       |       |     5 |    59 |    25 ||    89
       Passwall          |       |       |       |       |     1 |     5 ||     6
       Gell's Gravitas   |       |       |       |       |     1 |       ||     1
Invok: Curse Item        |       |       |     1 |     3 |     2 |     1 ||     7
       Shatter the Chain |       |       |       |       |     3 |       ||     3
Evoke: Wand              |       |       |     4 |    10 |    18 |     4 ||    36
       Box of beasts     |       |       |       |       |     1 |     1 ||     2
  Use: Scroll            |     1 |       |     6 |    12 |    11 |     6 ||    36
       Potion            |       |       |     1 |     1 |     8 |     8 ||    18
 Stab: Sleeping          |     1 |       |       |     3 |     2 |     1 ||     7
       Invisible         |       |       |       |     4 |     6 |       ||    10
       Petrified         |       |       |       |       |     5 |       ||     5
       Petrifying        |       |       |       |       |     1 |       ||     1
       Held in net/web   |       |       |       |       |       |     3 ||     3
Armor: Robe              |    17 |    43 |    87 |       |       |       ||   147
       Acid dragon scale |       |       |    20 |   179 |   197 |       ||   396
       Skin              |       |       |    15 |       |       |       ||    15
       Troll leather arm |       |       |       |       |   146 |   213 ||   359
Dodge: Dodged            |    28 |    50 |   157 |   267 |   944 |   796 ||  2242
Block: Other             |       |       |    89 |    92 |   220 |       ||   401
       Reflection        |       |       |       |     5 |     7 |       ||    12
